Map: Simulacrum LE

Players

Novastorm

  • Race: Terran Terran
  • League: Silver
  • Spawn Location: 5:00

AvP - Winner!

  • Race: Terran Terran
  • League: Gold
  • Spawn Location: 11:00

VOD

Have the link to the VOD?

Description

Time

  • Played on: May 30, 2020, 6:43 p.m.
  • Length: 6:54
Show
View Real Time Build Order
Export as new Build Order

Novastorm Terran 

Build Orders:  

Get SALT Encoding   

  12  0:03  SCV  
  13  0:15  SCV  
  14  0:24  Supply Depot  
  14  0:27  SCV  
  15  0:33  Refinery  
  15  0:46  SCV  
  16  0:50  Barracks  
  16  0:58  SCV  
  17  1:10  Supply Depot  
  17  1:12  SCV  
  18  1:24  SCV, Refinery  
  19  1:36  SCV  
  20  1:52  Marine  
  21  2:01  Factory  
  21  2:10  Marine  
  22  2:17  Orbital Command  
  22  2:28  Marine  
  23  2:46  Marine  
  21  3:02  Factory Tech Lab  
  21  3:11  Starport  
  21  3:20  Barracks Reactor  
  20  3:35  Siege Tank  
  23  4:17  Siege Tank  
  23  4:21  Starport Reactor  
  26  4:26  SCV  
  26  4:38  SCV  
  27  4:45  Marine x2  
  29  5:02  SCV  
  29  5:03  Marine  
  31  5:18  Supply Depot  
  24  5:41  Supply Depot  
  24  6:01  Marine  
  24  6:02  Siege Tank  
  24  6:04  Supply Depot  
  4  6:28  Barracks Reactor  
Show
View Real Time Build Order
Export as new Build Order

AvP Terran - Winner!

Build Orders:  

Get SALT Encoding   

  12  0:01  SCV  
  13  0:19  SCV  
  14  0:21  Refinery  
  14  0:29  Supply Depot  
  14  0:31  SCV  
  15  0:50  SCV  
  15  0:54  Barracks  
  16  1:03  SCV  
  17  1:15  SCV, Refinery  
  18  1:27  SCV  
  19  1:39  SCV  
  20  1:42  Reaper, Supply Depot  
  20  1:45  Ghost Academy  
  21  1:51  SCV  
  22  1:58  Factory  
  22  2:03  SCV  
  23  2:17  Barracks Tech Lab  
  23  2:24  Orbital Command  
  23  2:28  Personal Cloaking  
  23  2:50  Factory Tech Lab  
  23  2:52  Ghost  
  25  3:23  Ghost  
  27  3:45  SCV, Siege Tank  
  31  3:50  Command Center  
  30  4:11  SCV  
  30  4:16  Nuke  
  31  4:30  Ghost Academy  
  31  4:49  Engineering Bay, Supply Depot  
  31  5:00  Nuke  
  31  5:01  Ghost  
  31  5:02  Hellion, SCV  
  31  5:03  Ghost Academy  
  36  5:10  Barracks  
  36  5:25  Nuke  
  36  5:52  Nuke  
  34  6:14  Barracks Tech Lab  
  34  6:15  Starport  
  34  6:19  Orbital Command  
  34  6:21  Missile Turret  
Tags
 
Matchup
TvT
Race
Terran
Spawn Locations
Cross Positions
Add a new tag
Caveats
  • Supply blocks, unpowered buildings, or Contaminate may cause inaccurate times.
  • Supply counts are checked every 10 seconds.